 Dungeon Crawl Stone Soup version 0.26.1-11-gd32895ea62 (webtiles) character file.

Game seed: 14641888093357175333

8503 dtburroughs the Fighter (level 11, 0/101 HPs)
             Began as a Minotaur Berserker on June 7, 2021.
             Was a Priest of Trog.
             Slain by an efreet
             ... wielding a +3 scimitar of flaming
              (12 damage)
             ... on level 10 of the Dungeon.
             The game lasted 00:21:49 (13677 turns).

dtburroughs the Fighter (Minotaur Berserker)       Turns: 13677, Time: 00:21:50

Health: 0/101      AC: 14    Str: 21    XL:     11   Next: 10%
Magic:  10/10      EV: 12    Int:  7    God:    Trog [***...]
Gold:   597        SH:  0    Dex: 17    Spells: 10/10 levels left

rFire    . . .     SeeInvis +   s - +0 war axe
rCold    . . .     Faith    .   (no shield)
rNeg     . . .     Spirit   .   g - +0 plate armour (curse)
rPois    .         Reflect  .   (helmet restricted)
rElec    .         Harm     .   (no cloak)
rCorr    .         Rampage  .   (no gloves)
Will     ++...                  (no boots)
Stlth    ..........             e - amulet of regeneration
HPRegen  1.66/turn              D - ring of see invisible
MPRegen  0.12/turn              i - +6 ring of dexterity

@: about to teleport, regenerating
A: retaliatory headbutt, horns 2
a: Renounce Religion, Berserk, Trog's Hand


You were on level 10 of the Dungeon.
You worshipped Trog.
Trog was most pleased with you.
You visited 1 branch of the dungeon, and saw 10 of its levels.

You collected 597 gold pieces.

Inventory:

Hand Weapons
 a - a +0 hand axe
 s - a +0 war axe (weapon)
 y - a +2 mace of holy wrath
 F - a +3 hand axe
Armour
 g - a cursed +0 plate armour (worn)
 v - a +0 plate armour
Jewellery
 d - an uncursed ring of magical power
 e - an amulet of regeneration (around neck)
 i - a +6 ring of dexterity (right hand)
 r - an uncursed ring of positive energy
 B - an uncursed ring of fire
 D - a ring of see invisible (left hand)
 H - an uncursed amulet of the acrobat
Wands
 b - a wand of acid (13)
 n - a wand of paralysis (7)
 t - a wand of random effects (28)
 u - a wand of digging (7)
 C - a wand of iceblast (11)
Scrolls
 c - 3 scrolls of identify
 f - 5 scrolls of teleportation
 j - a scroll of magic mapping {unknown}
 k - 2 scrolls of blinking {unknown}
 l - 3 scrolls of fog
 m - 6 scrolls of remove curse
 p - a scroll of enchant weapon {unknown}
 x - 2 scrolls of fear {unknown}
 E - a scroll of silence {unknown}
 G - 4 scrolls of immolation
 I - 3 scrolls of enchant armour {unknown}
 J - a scroll of amnesia {unknown}
Potions
 h - 6 potions of curing
 o - 2 potions of heal wounds {unknown}
 q - 2 potions of attraction {unknown}
 w - a potion of cancellation {unknown}
 z - a potion of berserk rage {unknown}
 A - 3 potions of haste


   Skills:
 + Level 10.9 Fighting
 + Level 10.9 Axes
 + Level 10.5 Armour
 + Level 9.7 Dodging


You had 10 spell levels left.
You didn't know any spells.
Your spell library was empty.

Dungeon Overview and Level Annotations

Branches:
Dungeon (10/15)            Temple (0/1) D:6            Lair (0/6) D:8
    Orc (0/2) D:10

Altars:
Ashenzari
Cheibriados
Dithmenos
Kikubaaqudgha
Makhleb
Okawaru
Qazlal
Ru
Sif Muna
Trog
Uskayaw
Wu Jian
Xom
Zin

Shops:
D:5 ?

Annotations:
D:3 1 runed translucent door, oc3rt's ghost, amateur KoHu
D:4 2 transporters, bigdumb's ghost, amateur DsBe
D:9 1 runed translucent door, Eryximachus's ghost, novice OpFi
D:10 1 runed translucent door, Tirrikindir's ghost, journeyman OpFi


Innate Abilities, Weirdness & Mutations

You reflexively headbutt those who attack you in melee.
You have a pair of horns on your head.


Message History

The efreet burns you.
* * * LOW HITPOINT WARNING * * *
You slash the efreet!
The efreet is almost dead.
The efreet gestures at you. The bolt of fire hits you!!
* * * LOW HITPOINT WARNING * * *
Okay, then.
You feel better. The efreet gestures at you. The bolt of fire misses you.
Okay, then.
Okay, then.
As you read the scroll of teleportation, it crumbles to dust.
You feel strangely unstable. The efreet hits you but does no damage.
Okay, then.
Your skin crawls.
You feel strong-willed.
The efreet hits you with a +3 scimitar of flaming!
You die...

#.............# ##............
#..###'###..##.####..#######....
#....)##..#..##..##.....##...
#.#####)##..†....##.......##..
#.#.....#†#########.........##.
#.#..###..#.#.....#...........#.
# #...#.#.#.###.#.⌠.._._..⌠.#.
#.#.#.#†#.#)##'.....8.....#. #
#...#.#.#.#@)##.⌠.._._..⌠.#.
#.#..###..#.#.R####...........#.
#.#.....#.####○# ##.........##.
#.#####.## .# ##..⌠.⌠..##..
#.....## .. ##.))).## .. ###'###
Q## ###'### .. ##..# .# ###.###
#.#.### .Z #.8.8.# #.....# z.
#.....#


You could see an efreet.

Vanquished Creatures
  A two-headed ogre (D:10)
  A tengu warrior (D:10)
  A gargoyle (D:10)
  3 wyverns (D:8)
  5 yaks
  2 basilisks
  Grum (D:9)
  3 water moccasins (D:8)
  A black bear (D:10)
  4 orc warriors
  4 ice beasts
  2 phantoms
  5 ogres
  6 sky beasts
  A necrophage (D:7)
  An eye of draining (D:10)
  5 centaurs
  A wolf (D:9)
  A big kobold (D:7)
  4 bullfrogs
  2 wyvern skeletons
  A scorpion (D:8)
  6 wights
  2 electric eels (D:6)
  2 howler monkeys
  A centaur skeleton (D:10)
  A bullfrog zombie (D:8)
  3 hounds
  3 bullfrog skeletons
  4 jellies
  3 orc priests
  Natasha (thrice) (D:2)
  4 iguanas
  6 orc wizards
  7 worker ants
  A hound skeleton (D:7)
  2 worker ant zombies
  Robin (D:3)
  4 gnolls (D:2)
  4 adders
  A river rat (D:3)
  5 shadow imps
  2 white imps
  2 ufetubi
  4 oozes
  An adder skeleton (D:6)
  2 adder zombies
  4 worms
  A dart slug (D:3)
  4 leopard geckos
  26 orcs
  6 bats
  3 giant cockroaches (D:3)
  11 goblins
  13 hobgoblins
  13 jackals
  A quokka (D:7)
  2 ball pythons
  5 frilled lizards
  14 kobolds
  A leopard gecko zombie (D:5)
  A quokka zombie (D:7)
  3 rats
237 creatures vanquished.

Vanquished Creatures (collateral kills)
  5 yaks (D:9)
  2 orc wizards (D:9)
  2 orcs (D:9)
9 creatures vanquished.

Vanquished Creatures (others)
  3 fungi (D:8)
  24 plants
27 creatures vanquished.

Grand Total: 273 creatures vanquished

Notes
Turn   | Place    | Note
-------+----------+-------------------------------------------
     0 | D:1      | dtburroughs the Minotaur Berserker began the quest for the
                  | Orb.
     0 | D:1      | Reached XP level 1. HP: 19/19 MP: 0/0
   482 | D:1      | Reached XP level 2. HP: 21/27 MP: 1/1
  1420 | D:2      | Reached XP level 3. HP: 33/33 MP: 2/2
  1676 | D:2      | Reached XP level 4. HP: 32/41 MP: 3/3
  1895 | D:2      | Noticed Natasha
  1907 | D:2      | Killed Natasha
  2300 | D:2      | Noticed a bullfrog
  2306 | D:2      | Killed a bullfrog
  2307 | D:2      | Reached XP level 5. HP: 33/47 MP: 4/4
  2549 | D:2      | Noticed Natasha
  2564 | D:2      | Killed Natasha
  2656 | D:2      | Noticed Natasha
  2664 | D:2      | Killed Natasha
  2664 | D:2      | Reached ** piety under Trog
  2665 | D:2      | Reached skill level 5 in Fighting
  2665 | D:2      | Reached skill level 5 in Axes
  2817 | D:3      | Found a glowing drain.
  2835 | D:3      | Reached XP level 6. HP: 9/56 MP: 5/5
  3100 | D:3      | Paralysed by an orc for 5 turns
  3729 | D:3      | Found an ornate altar of the Wu Jian Council.
  3993 | D:3      | Noticed Robin
  4001 | D:3      | Killed Robin
  4556 | D:3      | Found a runed translucent door.
  4557 | D:3      | Noticed oc3rt's ghost (amateur KoHu)
  4701 | D:4      | Found a transporter.
  4701 | D:4      | Found a transporter.
  4701 | D:4      | Noticed bigdumb's ghost (amateur DsBe)
  4911 | D:4      | Reached XP level 7. HP: 43/62 MP: 6/6
  5079 | D:4      | Reached skill level 5 in Armour
  5469 | D:4      | Found an iron altar of Okawaru.
  5472 | D:4      | Found a hide-covered altar of Uskayaw.
  5478 | D:4      | Found a shimmering blue altar of Sif Muna.
  5479 | D:4      | Found a shimmering altar of Xom.
  5479 | D:4      | Found a glowing silver altar of Zin.
  5479 | D:4      | Found a snail-covered altar of Cheibriados.
  5480 | D:4      | Found a stormy altar of Qazlal.
  5481 | D:4      | Found a bloodstained altar of Trog.
  5483 | D:4      | Found an ornate altar of the Wu Jian Council.
  5854 | D:5      | Entered Level 5 of the Dungeon
  5864 | D:5      | Found a broken altar of Ashenzari.
  5982 | D:5      | Reached skill level 5 in Dodging
  6213 | D:5      | Found Uzifo's Magic Scroll Shop.
  6227 | D:5      | Reached XP level 8. HP: 48/71 MP: 7/7
  6371 | D:5      | Found a shadowy altar of Dithmenos.
  6897 | D:5      | Reached *** piety under Trog
  7184 | D:6      | Found a burning altar of Makhleb.
  8248 | D:6      | Found a staircase to the Ecumenical Temple.
  9112 | D:7      | Reached XP level 9. HP: 63/81 MP: 8/8
 10838 | D:8      | Reached XP level 10. HP: 71/91 MP: 9/9
 10983 | D:8      | Found a staircase to the Lair.
 11379 | D:9      | Found a runed translucent door.
 11385 | D:9      | Noticed Eryximachus's ghost (novice OpFi)
 11420 | D:9      | Found a burning altar of Makhleb.
 11443 | D:9      | Reached **** piety under Trog
 11472 | D:9      | Reached skill level 10 in Axes
 11478 | D:9      | Reached skill level 10 in Fighting
 11620 | D:9      | Noticed Grum
 11629 | D:9      | Killed Grum
 12505 | D:10     | Entered Level 10 of the Dungeon
 12505 | D:10     | Noticed a two-headed ogre
 12521 | D:10     | Killed a two-headed ogre
 12522 | D:10     | Reached skill level 10 in Armour
 12772 | D:10     | Found a runed translucent door.
 12774 | D:10     | Found a shimmering altar of Xom.
 12774 | D:10     | Noticed Tirrikindir's ghost (journeyman OpFi)
 12774 | D:10     | Noticed a +5 long sword of chaos
 12775 | D:10     | Found a staircase to the Orcish Mines.
 12794 | D:10     | Found a sacrificial altar of Ru.
 13223 | D:10     | Found a shimmering blue altar of Sif Muna.
 13223 | D:10     | Found an ornate altar of the Wu Jian Council.
 13231 | D:10     | Found a snail-covered altar of Cheibriados.
 13231 | D:10     | Found an ancient bone altar of Kikubaaqudgha.
 13241 | D:10     | Reached XP level 11. HP: 84/101 MP: 10/10
 13646 | D:10     | Noticed a tengu warrior
 13646 | D:10     | Noticed a red ugly thing
 13672 | D:10     | Killed a tengu warrior
 13674 | D:10     | HP: 2/101 [efreet/bolt of fire (28)]
 13677 | D:10     | Slain by an efreet

Illustrated notes

Levels and vault maps discovered:
D:1:      minmay_arrival_pointy, layout_loops_cross, serial_forest,
          infiniplex_forest_clump_curved, infiniplex_forest_straight_5,
          infiniplex_forest_clump_diagonal, infiniplex_forest_straight_3,
          infiniplex_forest_straight_2, infiniplex_forest_clump_medium,
          infiniplex_forest_lined_3
D:2:      layout_basic, st_stairs_6, uniq_natasha
D:3:      kb_forest_paths, layout_basic, portal_sewer_entry_a,
          gammafunk_ghost_grave, lemuel_tele_altar, uniq_robin
D:4:      layout_cave_pods, minitemple, gammafunk_ghost_arena,
          dk_noncrumbling_2, minmay_misc_feat_ornament
D:5:      layout_loops_ring, nicolae_ashenzari_panopticon,
          grunt_dithmenos_shadows, serial_shops, shop
D:6:      layout_gridville, minmay_temple_entry_arrows, basic_altar,
          serial_bayou, serial_bayou_pond_a, serial_bayou_pond_b,
          serial_bayou_pond_c, serial_bayou_lagoon_a
D:7:      layout_gridville
D:8:      layout_gridville, minmay_lair_entry_grove
D:9:      layout_roguey, overflow_temple_1_default, ebering_ghost_inner_flame,
          uniq_grum
D:10:     minmay_the_grid_octo_tiled_octocenter
          [minmay_the_grid_octo_concentric, minmay_the_grid_octo_fan_narrow,
          minmay_the_grid_octo_toaster, minmay_the_grid_octo_shrine,
          minmay_the_grid_octo_prize_square_snowflake,
          minmay_the_grid_square_5x5_hourglass,
          minmay_the_grid_square_5x5_beaten_path,
          minmay_the_grid_square_5x5_fancy_junction,
          minmay_the_grid_square_5x5_longway], layout_small_grid,
          ebering_ghost_xom, kennysheep_flooded_box

Skill      XL: |  1  2  3  4  5  6  7  8  9 10 |
---------------+-------------------------------+-----
Fighting       | 4 5 6 8 9 10 | 10.9
Axes           | 4 5 6 8 9 10 | 10.9
Armour         | 3 4 6 7 8 10 | 10.5
Dodging        | 3 4 5 6 8 9 |  9.7

Action                   |  1- 3 |  4- 6 |  7- 9 | 10-12 || total
-------------------------+-------+-------+-------+-------++-------
Melee: Hand axe          |    59 |   174 |    10 |       ||   243
       Headbutt          |     4 |    30 |    74 |    65 ||   173
       War axe           |       |       |   301 |   223 ||   524
Invok: Trog's Hand       |       |     2 |     2 |     4 ||     8
       Brothers in Arms  |       |       |       |     2 ||     2
       Berserk           |       |       |       |     2 ||     2
  Use: Potion            |       |     2 |       |     1 ||     3
       Scroll            |       |       |     5 |     1 ||     6
Armor: Animal skin       |     3 |       |       |       ||     3
       Ring mail         |     6 |    47 |    15 |       ||    68
       Plate armour      |       |       |   176 |    95 ||   271
Dodge: Dodged            |    48 |   115 |   131 |   108 ||   402
